 Dungeon Crawl Stone Soup version 0.17-a0-737-gf0a300a (console) character file.

72534 Monkaria the Fencer (level 15, -18/94 HPs)
             Began as a Demonspawn Chaos Knight on Apr 28, 2015.
             Demolished by a titanic slime creature (82 damage)
             ... on level 12 of the Dungeon on Apr 29, 2015.
             The game lasted 02:44:34 (34265 turns).

Monkaria the Fencer (Demonspawn Chaos Knight)      Turns: 34265, Time: 02:44:34

Health: -18/94     AC: 34    Str: 17    XL:     15   Next: 1%
Magic:  21/21      EV: 10    Int: 14    God:    Xom [..*...]
Gold:   489        SH:  0    Dex: 16    Spells: 0 memorised, 14 levels left

rFire  + + +     SeeInvis +     d - +1 triple sword (protect)
rCold  . . .     Clarity  +     P - +3 plate armour {rF+}
rNeg   + . .     SustAb   .     (no shield)
rPois  .         Gourm    +     F - +2 hat {SInv}
rElec  +         Spirit   .     A - +0 cloak
rCorr  +         Warding  .     V - +1 pair of gloves
rMut   .         Stasis   .     (boots unavailable)
MR     ++...                    y - amulet of the gourmand
Stlth  ..........               (no ring)
                                j - ring of positive energy

@: very resistant to hostile enchantments, extremely unstealthy
A: talons 3, yellow scales 3, camouflage 1, agile 1, clarity, fire resistance 2,
frail 2, foul stench 1, magic resistance 1, regeneration 2, shaggy fur 1,
electricity resistance, rot immunity, flame cloud immunity
a: Renounce Religion


You were on level 12 of the Dungeon.
You worshipped Xom.
You were a toy of Xom.
You were very full.

You visited 4 branches of the dungeon, and saw 25 of its levels.
You visited the Abyss 1 time.
You also visited: Volcano.

You collected 3190 gold pieces.
You spent 2701 gold pieces at shops.

Inventory:

Hand weapons
 d - a +1 triple sword of protection (weapon)
 g - the +11 lajatang of Spite {flame, rElec Dex+2}
   (You found it on level 8 of the Lair of Beasts)

   It has been specially enchanted to burn those struck by it, causing extra
   injury to most foes and up to half again as much damage against particularly
   susceptible opponents.
   Big, fiery blades are also staple armaments of hydra-hunters.
   It affects your dexterity (+2).
   It insulates you from electricity.
 E - a +0 blowgun
Missiles
 m - 114 poisoned needles
 t - 62 tomahawks (quivered)
Armour
 A - a +0 cloak (worn)
 F - a +2 hat of see invisible (worn)
 P - a +3 plate armour of fire resistance (worn)
 V - a +1 pair of gloves (worn)
Rods
 f - a -1 iron rod (5/13)
   (You took it off an orc on level 3 of the Dungeon)
Jewellery
 j - a ring of positive energy (left hand)
 y - an amulet of the gourmand (around neck)
 G - an uncursed amulet of warding
Magical devices
 b - a wand of paralysis (4)
 e - a wand of cold (8)
 r - a wand of confusion (18)
 z - a wand of disintegration (12)
 C - a wand of teleportation (7)
 T - a wand of heal wounds (4)
Scrolls
 l - a scroll of enchant weapon
 n - 6 scrolls of remove curse
 o - 6 scrolls of teleportation
 p - 2 scrolls of magic mapping
 N - 2 scrolls of fear
 O - a scroll of blinking
 X - 2 scrolls of fog
Potions
 a - 2 potions of haste
 h - 4 potions of flight
 u - a potion of cancellation
 B - a potion of lignification
 H - 2 potions of berserk rage
 I - a potion of curing
 J - 3 potions of agility
 L - a potion of might
 U - 2 potions of resistance
Books
 i - a Necronomicon {highlevel, unknown}

   This book is beyond your current level of understanding.

   Spells                             Type                      Level
   a - Haunt                          Necromancy/Summoning         7
   b - Borgnjor's Revivification      Necromancy                   8
   c - Death's Door                   Charms/Necromancy            8
   d - Necromutation                  Transmutation/Necromancy     8
Miscellaneous
 s - an ornate deck of changes {drawn: 1}
 M - a disc of storms
Comestibles
 c - 14 bread rations
 w - 28 fruits


   Skills:
 - Level 11.1 Fighting
 - Level 15.7 Long Blades
 - Level 12.0 Armour
 + Level 8.4 Dodging
 - Level 8.0 Evocations


You had 14 spell levels left.
You didn't know any spells.

Dungeon Overview and Level Annotations

Branches:
Dungeon (12/15)            Temple (1/1) D:4            Lair (8/8) D:9
 Shoals (0/5) Lair:5        Snake (0/5) Lair:4        Slime (0/6) Lair:8
    Orc (4/4) D:10            Elf (0/3) Orc:4

Altars:
Ashenzari
Cheibriados
Dithmenos
Elyvilon
Fedhas
Gozag
Kikubaaqudgha
Makhleb
Nemelex Xobeh
Okawaru
Qazlal
Ru
Sif Muna
Trog
Vehumet
Xom
Yredelemnul
Zin
The Shining One
Beogh
Jiyva

Shops:
D:5 *%}*(   D:8 =   Orc:1 !   Orc:2 (   Orc:4 *[:

Annotations:
Lair:8 1 runed door


Innate Abilities, Weirdness & Mutations

You have claws for feet.
You are completely covered in yellow scales (AC +4, rCorr).
Your flesh is very heat resistant.
You may emit foul miasma when damaged in melee.
You are immune to rotting.
You are immune to clouds of flame.
Your skin changes colour to match your surroundings (Stealth).
You are agile. (Dex +2)
You possess an exceptional clarity of mind.
You are very frail (-20% HP).
You are resistant to hostile enchantments.
You heal very quickly.
You are covered in fur (AC +1).
You are resistant to electric shocks.


Message History

You feel protected!
d - a +1 triple sword of protection (weapon)
The titanic slime creature looks more healthy.
The titanic slime creature barely misses you.
You slice the titanic slime creature!! You claw the titanic slime creature.
The titanic slime creature is moderately wounded.
Your crimson imp hits the titanic slime creature.
The titanic slime creature misses your crimson imp.
You slice the titanic slime creature!!
You claw the titanic slime creature, but do no damage.
The titanic slime creature is heavily wounded.
Your crimson imp hits the titanic slime creature but does no damage.
The titanic slime creature barely misses you.
Your crimson imp hits the titanic slime creature.
You slash the titanic slime creature! You claw the titanic slime creature.
The titanic slime creature is heavily wounded.
The titanic slime creature hits you!!!!
Ouch! That really hurt!
You die...
Xom titters!

##########
#)....((.##
##############
#.#####.55##
#.............
#.# ##5###J##
#.############
#.###(##
##@###.# #
#.##.##
##(##.# ##
#.#..# #....#
#####. #.#..##
##.####
.......
#.#.#.## ##.##
#.....
#.#.##.###.##
##....
##<#.###(..##
##.#.
#..........#
#.###
#..........#
#.....


You could see a titanic slime creature, a friendly quasit and a friendly crimson
imp.

Vanquished Creatures
  Rupert (Lair:6)
  Josephine (Lair:7)
  8 hydras
  A catoblepas (Lair:7)
  A centaur warrior (D:10)
  9 death yaks
  6 orc high priests (Orc:4)
  A necromancer (Lair:4)
  An ice devil (Lair:4)
  A hill giant (D:10)
  4 orc knights (Orc:4)
  An ugly thing (D:11)
  2 griffons
  8 elephants
  An orc sorcerer (Orc:4)
  A manticore (D:11)
  A centaur zombie (D:11)
  A torpor snail (Lair:7)
  3 toenail golems (Volcano)
  6 black mambas
  3 fire drakes
  15 spiny frogs
  3 trolls
  The ghost of Ngotmuk the Chopper, an average DDFi (D:5)
  A polar bear (Lair:8)
  3 two-headed ogres
  6 komodo dragons
  A baby alligator (shapeshifter) (D:9)
  9 blink frogs
  A boulder beetle (Lair:8)
  A slime creature (D:12)
  2 wyverns
  A wraith (Lair:7)
  34 yaks
  3 deep elf magi
  6 humans (Volcano)
  7 hippogriffs
  3 basilisks
  2 nagas (Lair:4)
  A steam dragon (Lair:5)
  24 water moccasins
  24 wolves
  A mottled dragon (D:12)
  2 wargs (Orc:4)
  A wasp (D:11)
  15 porcupines
  An ice beast (D:5)
  An eye of draining (D:10)
  2 black bears
  A boggart (D:7)
  A phantom (D:10)
  32 orc warriors
  10 ogres
  3 boring beetles
  3 sky beasts
  A necrophage (D:10)
  A swamp drake (shapeshifter) (D:5)
  2 big kobolds (D:9)
  10 centaurs
  9 small abominations
  13 crocodiles
  An elf zombie (D:10)
  11 giant frogs
  A komodo dragon zombie (Lair:4)
  A wyvern zombie (D:10)
  7 scorpions
  6 wights (D:10)
  4 electric eels (Lair:4)
  6 crimson imps
  2 quasits
  2 hounds
  6 jellies
  42 orc priests
  2 giant frog skeletons
  5 gnoll shamans
  2 human zombies (D:10)
  2 centaur skeletons
  24 orc wizards
  2 iron imps
  A human skeleton (D:10)
  7 iguanas
  35 sheep
  7 worker ants
  A crocodile zombie (Lair:4)
  4 mummies (D:10)
  3 hound skeletons (D:7)
  20 adders
  34 gnolls
  A worker ant zombie (D:5)
  An adder (shapeshifter) (D:1)
  6 shadow imps
  44 river rats
  A white imp (Lair:4)
  4 ufetubi
  2 oozes
  An adder skeleton (D:8)
  2 adder zombies (D:5)
  2 worms
  175 orcs
  4 ball pythons
  12 bats
  5 giant cockroaches
  15 hobgoblins
  28 jackals
  21 kobolds
  2 quokkas
  3 giant geckos
  3 giant newts
  17 goblins
  An orc zombie (D:10)
  19 rats
  A butterfly (Lair:5)
  2 fungi
  2 plants (Lair:7)
930 creatures vanquished.

Vanquished Creatures (collateral kills)
  Snorg (Orc:1)
  2 death yaks
  An elephant (Lair:8)
  A black mamba (Lair:8)
  A spiny frog (Lair:8)
  2 komodo dragons
  2 fire drakes (Lair:7)
  A blink frog (Lair:8)
  Grinder (D:3)
  5 yaks (Lair:1)
  A hippogriff (Lair:7)
  2 wraiths (Lair:7)
  A water moccasin (Lair:6)
  An orc warrior (Orc:1)
  A centaur (D:5)
  A crocodile (Lair:7)
  A quasit (Lair:6)
  An orc priest (Orc:4)
  An orc wizard (D:3)
  3 gnolls (D:2)
  4 orcs
  A goblin (Orc:1)
  A hobgoblin (Orc:1)
  A rat (D:3)
37 creatures vanquished.

Vanquished Creatures (others)
  A sixfirhy (Lair:6)
  2 hounds
  3 iron imps
  4 quasits
  A sheep (Lair:8)
  5 shadow imps
  3 white imps
  3 ufetubi
  20 fungi
  22 plants
64 creatures vanquished.

Grand Total: 1031 creatures vanquished

Notes
Turn   | Place    | Note
--------------------------------------------------------------
     0 | D:1      | Monkaria, the Demonspawn Chaos Knight, began the quest for the Orb.
     0 | D:1      | Reached XP level 1. HP: 18/18 MP: 1/1
    94 | D:1      | XOM: divination: magic mapping
   128 | D:1      | Gained mutation: You are partially covered in yellow scales (AC +2). [demonic ancestry]
   128 | D:1      | Reached XP level 2. HP: 24/24 MP: 2/2
   134 | D:1      | XOM: god gift: scroll labeled KIXEOM IZUKH
   334 | D:1      | XOM: give mutation
   334 | D:1      | Gained mutation: You possess an exceptional clarity of mind. [Xom's grace]
   689 | D:1      | Reached XP level 3. HP: 10/29 MP: 3/3
   810 | D:1      | XOM: vitrification
   997 | D:1      | XOM: give mutations
   997 | D:1      | Gained mutation: You are resistant to hostile enchantments. [Xom's grace]
   997 | D:1      | Gained mutation: Your mind is acute. (Int +2) [Xom's grace]
   997 | D:1      | Gained mutation: You are agile. (Dex +2) [Xom's grace]
  1216 | D:2      | XOM: summons 3 friendly demons
  1223 | D:2      | Reached skill level 4 in Long Blades
  1306 | D:2      | XOM: 4-stop teleportation journey
  1328 | D:2      | XOM: god gift: 15 gold pieces
  1390 | D:2      | XOM: smoke on damage
  2005 | D:2      | Gained mutation: You are mostly covered in yellow scales (AC +3). [demonic ancestry]
  2005 | D:2      | Reached XP level 4. HP: 35/35 MP: 4/4
  2010 | D:2      | XOM: confuse monster(s)
  2106 | D:2      | Reached skill level 5 in Long Blades
  2248 | D:3      | XOM: god gift: encrusted fluorescent wand {god gift}
  2333 | D:3      | XOM: summons 2 friendly demons
  2333 | D:3      | Cast into the Abyss (orc)
  2333 | D:3      | Escaped the Abyss
  2333 | D:3      | XOM: revert banishment
  2359 | D:3      | Reached XP level 5. HP: 18/41 MP: 5/5
  2367 | D:3      | HP: 1/41 [orc wizard/magic dart (8)]
  2370 | D:3      | XOM: summons 5 friendly demons
  2396 | D:3      | Noticed a rust devil
  2396 | D:3      | a red devil changed into a rust devil
  2396 | D:3      | XOM: polymorph red devil -> rust devil
  2398 | D:3      | XOM: colour smoke trail
  2431 | D:3      | XOM: mild Chrm miscast
  2726 | D:3      | XOM: divination: detect items
  2984 | D:3      | Noticed Grinder
  2992 | D:3      | XOM: cast spell 'Call Canine Familiar'
  3015 | D:3      | Reached skill level 1 in Dodging
  3216 | D:3      | XOM: summons 5 friendly demons
  3227 | D:3      | XOM: divination: detect creatures
  3227 | D:3      | Killed Grinder
  3227 | D:3      | Gained mutation: You have sharp toenails. [demonic ancestry]
  3227 | D:3      | Reached XP level 6. HP: 38/47 MP: 6/6
  3243 | D:3      | XOM: colour smoke trail
  3829 | D:4      | Found a staircase to the Ecumenical Temple.
  3835 | Temple   | Entered the Ecumenical Temple
  4162 | D:4      | XOM: polymorph bat -> ball python
  4356 | D:4      | XOM: vitrification
  4425 | D:4      | Found a radiant altar of Vehumet.
  4527 | D:4      | Found a glowing silver altar of Zin.
  4748 | D:4      | XOM: give mutation
  4748 | D:4      | Gained mutation: You are covered in fur (AC +1). [Xom's grace]
  4776 | D:4      | XOM: give mutations
  4776 | D:4      | Gained mutation: Your natural rate of healing is unusually fast. [Xom's grace]
  4776 | D:4      | Gained mutation: Your mind is very acute. (Int +4) [Xom's grace]
  4776 | D:4      | Gained mutation: You are very agile. (Dex +4) [Xom's grace]
  4816 | D:4      | XOM: give mutation
  4816 | D:4      | Gained mutation: You can spit weak poison. [Xom's grace]
  4853 | D:5      | Entered Level 5 of the Dungeon
  4862 | D:5      | XOM: mild Pois miscast
  4866 | D:5      | XOM: summons friendly iron imp
  5074 | D:5      | Gained mutation: You have razor-sharp toenails. [demonic ancestry]
  5074 | D:5      | Reached XP level 7. HP: 55/55 MP: 7/7
  5101 | D:5      | You fall through a shaft for 2 floors!
  5101 | D:7      | XOM: 4-stop teleportation journey
  5183 | D:7      | XOM: noise
  5202 | D:7      | Reached skill level 6 in Long Blades
  5453 | D:7      | Found an iron altar of Okawaru.
  5457 | D:7      | Got an ichor-stained spear
  5733 | D:7      | XOM: noise
  5816 | D:7      | XOM: harmless Necr miscast
  5840 | D:7      | XOM: noise
  5939 | D:7      | Reached skill level 7 in Long Blades
  6086 | D:7      | XOM: harmless Tloc miscast
  6458 | D:6      | Gained mutation: You have claws for feet. [demonic ancestry]
  6458 | D:6      | Reached XP level 8. HP: 56/61 MP: 8/8
  6461 | D:6      | XOM: blink monster(s)
  6540 | D:6      | XOM: 1-stop teleportation journey
  6571 | D:6      | Reached skill level 8 in Long Blades
  6627 | D:6      | XOM: smoke on damage
  6635 | D:6      | XOM: mild Pois miscast
  6790 | D:6      | Found a blossoming altar of Fedhas.
  6872 | D:6      | XOM: 7-stop teleportation journey
  7226 | D:6      | XOM: 5-stop teleportation journey
  7230 | D:6      | Reached skill level 9 in Long Blades
  7381 | D:5      | Found Xeeshad's General Store.
  7398 | D:5      | Reached skill level 5 in Fighting
  7426 | D:5      | XOM: chaos cloud
  7427 | D:5      | Paralysed by you for 2 turns
  7565 | D:5      | Found Unwamah's Gadget Emporium.
  7687 | D:5      | Found Qalaomuc's Antique Weapon Shop.
  7877 | D:5      | XOM: potion effect (heal wounds)
  7881 | D:5      | XOM: cast spell 'Spider Form'
  8042 | D:5      | Reached XP level 9. HP: 69/71 MP: 9/9
  8070 | D:5      | XOM: scenery: create altars
  8081 | D:5      | XOM: divination: detect creatures
  8108 | D:5      | XOM: 7-stop teleportation journey
  8159 | D:5      | Noticed Ngotmuk's ghost (average DDFi)
  8159 | D:5      | XOM: potion effect (berserk rage)
  8162 | D:5      | XOM: chaos cloud
  8166 | D:5      | XOM: divination: detect creatures
  8175 | D:5      | Killed Ngotmuk's ghost
  8218 | D:5      | Found Dybbooko's Food Emporium.
  8233 | D:5      | Found Ruikol's General Store.
  8405 | D:5      | XOM: give mutations
  8405 | D:5      | Lost mutation: Your mind is very acute. (Int +4) [Xom's mischief]
  8405 | D:5      | Lost mutation: You are very agile. (Dex +4) [Xom's mischief]
  8452 | D:5      | Bought a potion of agility for 52 gold pieces
  8452 | D:5      | Bought a scroll of enchant armour for 97 gold pieces
  8452 | D:5      | Bought a scroll of magic mapping for 45 gold pieces
  8517 | D:6      | XOM: blink monster(s)
  8605 | D:6      | XOM: enchant monster (bad)
  8635 | D:6      | XOM: chaos upgrade
  8655 | D:6      | XOM: chaos upgrade
  8810 | D:5      | XOM: give mutation
  8810 | D:5      | Lost mutation: You can spit weak poison. [Xom's mischief]
  8911 | D:5      | Paralysed by a gnoll for 3 turns
  9676 | D:8      | Noticed an iron golem
  9676 | D:8      | Noticed an iron golem
  9676 | D:8      | Noticed an iron golem
  9676 | D:8      | Noticed an iron golem
  9683 | D:8      | XOM: swap monsters
  9703 | D:8      | Found Uqamio's Jewellery Shoppe.
  9720 | D:7      | XOM: noise
  9986 | D:8      | XOM: medium Trmt miscast
 10083 | D:8      | XOM: chaos cloud
 10287 | D:8      | Gained mutation: Your muscles are strong. (Str +2) [mutagenic meat]
 10288 | D:8      | Gained mutation: Your body is slowly deteriorating. [mutagenic meat]
 10290 | D:8      | XOM: mild Hex miscast
 10304 | D:8      | XOM: vitrification
 10330 | D:8      | XOM: colour smoke trail
 10360 | D:8      | XOM: mild Chrm miscast
 10448 | D:9      | Reached skill level 10 in Long Blades
 10562 | D:9      | Found a staircase to the Lair.
 10645 | D:9      | XOM: colour smoke trail
 10807 | D:9      | Found a shadowy altar of Dithmenos.
 10904 | D:9      | XOM: swap monsters
 10920 | D:9      | XOM: mild Pois miscast
 10941 | D:9      | Gained mutation: You are immune to rotting. [demonic ancestry]
 10941 | D:9      | Reached XP level 10. HP: 29/81 MP: 10/10
 10971 | D:9      | XOM: colour smoke trail
 11100 | D:9      | Found a shimmering altar of Xom.
 11414 | D:9      | XOM: draining
 11457 | D:9      | Found a sparkling altar of Nemelex Xobeh.
 11500 | D:10     | Entered Level 10 of the Dungeon
 11517 | D:10     | XOM: silly message
 11559 | D:10     | Noticed a hill giant
 11579 | D:10     | XOM: summons friendly quasit
 11583 | D:10     | XOM: medium Divn miscast
 11588 | D:10     | Killed a hill giant
 11588 | D:10     | Reached skill level 11 in Long Blades
 11786 | D:10     | Noticed a centaur warrior
 11839 | D:10     | XOM: cast spell 'Metabolic Englaciation'
 11855 | D:10     | Killed a centaur warrior
 12017 | D:10     | Reached skill level 5 in Armour
 12179 | D:10     | XOM: fog
 12186 | D:10     | XOM: blink monster(s)
 12445 | D:10     | Found a staircase to the Orcish Mines.
 12491 | D:10     | XOM: divination: magic mapping
 12514 | D:10     | XOM: 1-stop teleportation journey
 12527 | D:10     | Found a roughly hewn altar of Beogh.
 12531 | D:10     | XOM: chaos cloud
 12606 | D:10     | XOM: colour smoke trail
 12719 | D:10     | XOM: confuse monster(s)
 12835 | D:10     | Found a basalt altar of Yredelemnul.
 12982 | D:10     | XOM: confuse monster(s)
 13026 | D:10     | XOM: cast spell 'Statue Form'
 13093 | D:11     | Noticed a cyan ugly thing
 13098 | D:11     | XOM: fake destruction
 13151 | D:11     | Gained mutation: You may emit foul miasma when damaged in melee. [demonic ancestry]
 13151 | D:11     | Reached XP level 11. HP: 66/87 MP: 11/11
 13271 | D:11     | XOM: swap monsters
 13280 | D:11     | Noticed a manticore
 13282 | D:11     | XOM: swap monsters
 13294 | D:11     | Killed a manticore
 13505 | D:11     | Identified the +10 spear of Stickiness {flame, rPois rN+ Str+4} (You found it on level 7 of the Dungeon)
 13585 | D:11     | XOM: summons 4 friendly demons
 13896 | D:11     | XOM: cast spell 'Warp Weapon'
 13899 | D:11     | XOM: chaos upgrade
 14181 | D:11     | Paralysed by a wasp for 3 turns
 14197 | D:11     | XOM: blink monster(s)
 14373 | D:11     | XOM: blink monster(s)
 14390 | D:11     | Noticed a minotaur
 14390 | D:11     | a brown ugly thing changed into a minotaur
 14390 | D:11     | XOM: polymorph brown ugly thing -> minotaur
 14406 | D:11     | Killed a cyan ugly thing
 14408 | D:11     | XOM: smoke on damage
 14429 | D:11     | XOM: noise
 14442 | D:11     | XOM: blink monster(s)
 14451 | D:11     | XOM: fog
 14461 | D:11     | XOM: smoke on damage
 14463 | D:11     | XOM: repel stairs
 14466 | D:11     | XOM: confuse monster(s)
 14478 | D:11     | XOM: summons 5 hostile shadow creatures
 14480 | D:11     | XOM: noise
 14495 | D:11     | HP: 3/87 [minotaur's headbutt (16)]
 14658 | D:10     | XOM: mild Conj miscast
 14812 | D:10     | XOM: give mutation
 14812 | D:10     | Gained mutation: You have a pair of small horns on your head. [Xom's mischief]
 14926 | D:9      | XOM: swap monsters
 15073 | Lair:1   | Entered Level 1 of the Lair of Beasts
 15074 | Lair:1   | XOM: summons friendly shadow imp
 15159 | D:9      | Reached skill level 10 in Armour
 15219 | D:9      | XOM: polymorph yak -> harpy
 15349 | Lair:1   | XOM: enchant monster (good)
 15393 | Lair:1   | XOM: harmless Summ miscast
 15769 | Lair:1   | XOM: fog
 15781 | Lair:1   | XOM: fog
 15788 | Lair:1   | XOM: swap monsters
 16140 | Lair:1   | XOM: summons 11 friendly demons
 16169 | Lair:1   | XOM: god gift: scroll of noise
 16180 | Lair:1   | Noticed a seven-headed hydra
 16229 | D:10     | XOM: vitrification
 16251 | Orc:1    | Entered Level 1 of the Orcish Mines
 16412 | Orc:1    | XOM: 1-stop teleportation journey
 16451 | Orc:2    | Found Loohesou's Weapon Boutique.
 16497 | Orc:2    | Found a radiant altar of Vehumet.
 16514 | Orc:2    | XOM: god gift: 560 gold pieces
 16532 | Orc:2    | XOM: give mutations
 16532 | Orc:2    | Gained mutation: You are completely covered in yellow scales (AC +4, rCorr). [Xom's grace]
 16532 | Orc:2    | Gained mutation: You are resistant to electric shocks. [Xom's grace]
 16692 | Orc:1    | XOM: enchant monster (good)
 16693 | Orc:1    | XOM: 1-stop teleportation journey
 16706 | Orc:1    | XOM: summons 8 friendly demons
 16759 | Orc:1    | XOM: give mutations
 16759 | Orc:1    | Gained mutation: You heal very quickly. [Xom's grace]
 16759 | Orc:1    | Gained mutation: Your skin changes colour to match your surroundings (Stealth). [Xom's grace]
 16896 | Orc:1    | Found Foriucre's Distillery.
 16908 | Orc:1    | XOM: polymorph orc wizard -> jelly
 16927 | Orc:1    | XOM: harmless Chrm miscast
 17410 | Orc:3    | XOM: mild Tloc miscast
 17414 | Orc:3    | Noticed Snorg
 17484 | Orc:2    | XOM: enchant monster (bad)
 17550 | Orc:1    | Bought 2 potions of curing for 66 gold pieces
 17550 | Orc:1    | Bought a potion of haste for 110 gold pieces
 17550 | Orc:1    | Bought a potion of resistance for 110 gold pieces
 17591 | Orc:1    | XOM: harmless Air miscast
 17732 | Orc:1    | XOM: noise
 17733 | Orc:1    | XOM: cast spell 'Monstrous Menagerie'
 17734 | Orc:1    | XOM: mild Summ miscast
 17737 | Orc:1    | Killed Snorg
 17774 | Orc:3    | XOM: cast spell 'Call Canine Familiar'
 17928 | Orc:3    | Reached XP level 12. HP: 94/94 MP: 12/12
 17993 | Orc:3    | Reached skill level 12 in Armour
 18024 | Orc:3    | XOM: divination: detect items
 18121 | Orc:3    | XOM: mild Ice miscast
 18182 | Orc:3    | XOM: medium Summ miscast
 18398 | Orc:3    | XOM: medium Summ miscast
 18623 | Orc:4    | Entered Level 4 of the Orcish Mines
 18689 | Orc:4    | XOM: cast spell 'Excruciating Wounds'
 18695 | Orc:4    | Found a dark tunnel.
 18794 | Orc:4    | XOM: colour smoke trail
 18828 | Volcano  | Entered a volcano
 18921 | Volcano  | XOM: chaos cloud
 19093 | Volcano  | XOM: enchant monster (bad)
 19302 | Orc:4    | XOM: mild Conj miscast
 19312 | Orc:4    | Found a staircase to the Elven Halls.
 19395 | Orc:4    | XOM: potion effect (might)
 19472 | Orc:3    | Reached skill level 10 in Fighting
 19504 | Orc:4    | Found a roughly hewn altar of Beogh.
 19511 | Orc:4    | XOM: potion effect (brilliance)
 19517 | Orc:4    | XOM: harmless Summ miscast
 19537 | Orc:3    | XOM: colour smoke trail
 19601 | Orc:4    | XOM: chaos upgrade
 19621 | Orc:3    | XOM: mild Fire miscast
 19809 | Orc:1    | Bought a potion of curing for 33 gold pieces
 19809 | Orc:1    | Bought a potion of curing for 33 gold pieces
 19809 | Orc:1    | Bought a potion of agility for 44 gold pieces
 19809 | Orc:1    | Bought a potion of haste for 110 gold pieces
 19809 | Orc:1    | Bought a potion of might for 44 gold pieces
 20114 | Orc:4    | XOM: confuse monster(s)
 20148 | Orc:4    | XOM: blink monster(s)
 20360 | Orc:4    | XOM: silly message
 20400 | Orc:4    | XOM: give mutations
 20400 | Orc:4    | Lost mutation: Your muscles are strong. (Str +2) [Xom's mischief]
 20400 | Orc:4    | Lost mutation: You heal very quickly. [Xom's mischief]
 20465 | Orc:4    | XOM: silly message
 20646 | Orc:4    | XOM: blink monster(s)
 20663 | Orc:4    | XOM: smoke on damage
 20673 | Orc:4    | XOM: summons friendly quasit
 20693 | Orc:4    | XOM: summons friendly ufetubus
 20739 | Orc:3    | XOM: divination: detect creatures
 20879 | Orc:4    | XOM: potion effect (might)
 20885 | Orc:4    | XOM: potion effect (agility)
 20966 | Orc:4    | XOM: potion effect (haste)
 20967 | Orc:4    | XOM: potion effect (haste)
 20989 | Orc:4    | XOM: divination: detect creatures
 21003 | Orc:4    | XOM: potion effect (might)
 21040 | Orc:3    | XOM: harmless Fire miscast
 21172 | Orc:4    | XOM: potion effect (berserk rage)
 21184 | Orc:4    | XOM: potion effect (heal wounds)
 21327 | Orc:4    | XOM: divination: detect creatures
 21336 | Orc:4    | XOM: divination: detect creatures
 21363 | Orc:4    | XOM: mild Chrm miscast
 21449 | Orc:4    | XOM: harmless Summ miscast
 21552 | Orc:4    | XOM: enchant monster (bad)
 21627 | Orc:4    | XOM: confuse monster(s)
 21758 | Orc:4    | XOM: harmless Divn miscast
 21767 | Orc:4    | XOM: cast spell 'Cause Fear'
 21790 | Orc:4    | XOM: enchant monster (bad)
 21997 | Orc:4    | XOM: potion effect (haste)
 22016 | Orc:4    | Found Diacayth's Assorted Antiques.
 22016 | Orc:4    | Found Qeogaz's Antique Armour Shoppe.
 22016 | Orc:4    | Found Otaemoef's Magic Scroll Emporium.
 22017 | Orc:4    | Found Watiss's Book Shoppe.
 22026 | Orc:4    | Bought a scroll of fear for 45 gold pieces
 22026 | Orc:4    | Bought a scroll of blinking for 97 gold pieces
 22026 | Orc:4    | Bought a scroll of identify for 26 gold pieces
 22026 | Orc:4    | Bought a scroll of identify for 26 gold pieces
 22026 | Orc:4    | Bought a scroll of silence for 97 gold pieces
 22031 | Orc:4    | Bought a scroll of identify for 64 gold pieces
 22031 | Orc:4    | Bought a scroll labeled TOBRAAXITE for 32 gold pieces
 22031 | Orc:4    | Bought a scroll labeled MICY YSAUR for 32 gold pieces
 22031 | Orc:4    | Bought a scroll of recharging for 304 gold pieces
 22031 | Orc:4    | Bought a leather armour for 64 gold pieces
 22031 | Orc:4    | Bought a scroll of blinking for 240 gold pieces
 22031 | Orc:4    | Bought a potion of flight for 96 gold pieces
 22031 | Orc:4    | Bought a scroll of enchant weapon for 240 gold pieces
 22032 | Orc:4    | Bought a scroll of enchant armour for 97 gold pieces
 22032 | Orc:4    | Bought 3 scrolls of enchant weapon for 292 gold pieces
 22032 | Orc:4    | Bought a scroll of remove curse for 39 gold pieces
 22334 | Lair:2   | Gained mutation: Your flesh is heat resistant. [demonic ancestry]
 22334 | Lair:2   | Reached XP level 13. HP: 87/106 MP: 13/13
 22454 | Lair:2   | XOM: harmless Chrm miscast
 22564 | Lair:2   | Reached skill level 13 in Long Blades
 22734 | Lair:2   | XOM: enchant monster (good)
 22995 | Lair:2   | XOM is BORED!
 22995 | Lair:2   | XOM: medium Pois miscast
 23434 | Lair:3   | XOM: divination: magic mapping
 23542 | Lair:3   | XOM: god gift: 5 javelins of returning
 23640 | Lair:3   | XOM: smoke on damage
 23941 | Lair:4   | Found a staircase to the Snake Pit.
 23967 | Lair:4   | XOM: repel stairs
 23974 | Lair:4   | XOM: smoke on damage
 23998 | Lair:4   | XOM: give mutations
 23998 | Lair:4   | Gained mutation: Your mind is very acute. (Int +4) [Xom's grace]
 23998 | Lair:4   | Gained mutation: You can translocate small distances at will. [Xom's grace]
 23998 | Lair:4   | Gained mutation: You heal very quickly. [Xom's grace]
 24231 | Lair:4   | XOM: enchant monster (good)
 24264 | Lair:4   | XOM: smoke on damage
 24323 | Lair:4   | XOM: 2-stop teleportation journey
 24426 | Lair:4   | XOM: summons 6 hostile demons
 24473 | Lair:4   | XOM: give mutations
 24473 | Lair:4   | Lost mutation: You are agile. (Dex +2) [Xom's mischief]
 24473 | Lair:4   | Lost mutation: Your mind is very acute. (Int +4) [Xom's mischief]
 24592 | Lair:4   | XOM: silly message
 24740 | Lair:4   | XOM: summons 6 hostile demons
 25108 | Lair:4   | XOM: give mutation
 25108 | Lair:4   | Lost mutation: Your body is slowly deteriorating. [Xom's mischief]
 25154 | Lair:5   | XOM: chaos cloud
 25158 | Lair:5   | XOM: 1-stop teleportation journey
 25224 | Lair:5   | Reached skill level 14 in Long Blades
 25230 | Lair:5   | XOM: summons friendly iron imp
 25233 | Lair:5   | XOM: harmless Necr miscast
 25238 | Lair:5   | XOM: polymorph wolf -> steam dragon
 25248 | Lair:5   | XOM: divination: detect creatures
 25450 | Lair:5   | Reached skill level 1 in Evocations
 25465 | Lair:5   | XOM: summons 2 friendly demons
 25501 | Lair:5   | XOM: scenery: create altars
 25513 | Lair:5   | XOM: cast spell 'Spider Form'
 25566 | Lair:5   | XOM: vitrification
 25691 | Lair:5   | Found a staircase to the Shoals.
 25750 | Lair:5   | XOM: polymorph death yak -> six-headed hydra
 25761 | Lair:5   | XOM: cast spell 'Warp Weapon'
 25873 | Lair:1   | Killed a seven-headed hydra
 25964 | Lair:4   | XOM: colour smoke trail
 25975 | Lair:5   | XOM: enchant monster (good)
 26058 | Lair:5   | XOM: smoke on damage
 26060 | Lair:4   | XOM: confuse monster(s)
 26117 | Lair:4   | Reached skill level 5 in Evocations
 26333 | Lair:5   | XOM: enchant monster (bad)
 26372 | Lair:5   | XOM: cast spell 'Statue Form'
 26386 | Lair:5   | XOM: summons 13 friendly demons
 26397 | Lair:5   | XOM: polymorph iron imp -> ufetubus
 26830 | Lair:5   | XOM: give mutations
 26830 | Lair:5   | Lost mutation: You possess an exceptional clarity of mind. [Xom's mischief]
 26830 | Lair:5   | Lost mutation: You can translocate small distances at will. [Xom's mischief]
 26924 | Lair:6   | XOM: confuse monster(s)
 27038 | Lair:6   | Noticed Rupert
 27050 | Lair:6   | XOM: enchant monster (good)
 27071 | Lair:6   | Killed Rupert
 27134 | Lair:6   | XOM: harmless Conj miscast
 27162 | Lair:6   | XOM: give mutations
 27162 | Lair:6   | Lost mutation: You have a pair of small horns on your head. [Xom's mischief]
 27162 | Lair:6   | Gained mutation: You are frail (-10% HP). [Xom's mischief]
 27162 | Lair:6   | Lost mutation: Your mind is acute. (Int +2) [Xom's mischief]
 27408 | Lair:6   | XOM: summons friendly white imp
 27409 | Lair:6   | XOM: summons friendly quasit
 27414 | Lair:6   | XOM: swap monsters
 27422 | Lair:6   | XOM: summons 8 friendly demons
 27441 | Lair:5   | XOM: confuse monster(s)
 27442 | Lair:5   | XOM: summons friendly iron imp
 27549 | Lair:5   | XOM: confusion
 27555 | Lair:5   | XOM: confusion
 27579 | Lair:5   | XOM: mild Chrm miscast
 27617 | Lair:6   | Gained mutation: You are immune to clouds of flame. [demonic ancestry]
 27617 | Lair:6   | Reached XP level 14. HP: 101/101 MP: 20/20
 27638 | Lair:5   | XOM: cast spell 'Ring of Flames'
 27723 | Lair:5   | XOM: harmless Tloc miscast
 27803 | Lair:3   | XOM: god gift: chain mail {god gift}
 27827 | Lair:2   | XOM: harmless Divn miscast
 28046 | Orc:4    | Bought a glowing helmet for 166 gold pieces
 28209 | Lair:1   | Identified a scroll of acquirement
 28416 | Lair:6   | XOM: swap monsters
 28438 | Lair:6   | XOM: vitrification
 28478 | Lair:6   | Gained mutation: You are agile. (Dex +2) [potion of mutation]
 28478 | Lair:6   | Gained mutation: You are very frail (-20% HP). [potion of mutation]
 28801 | Lair:7   | XOM: divination: detect creatures
 28860 | Lair:7   | XOM: summons friendly sun demon
 28872 | Lair:7   | Noticed Josephine
 28880 | Lair:7   | Killed Josephine
 28934 | Lair:7   | Reached skill level 15 in Long Blades
 28985 | Lair:7   | XOM: give mutation
 28985 | Lair:7   | Gained mutation: You possess an exceptional clarity of mind. [Xom's grace]
 29277 | Lair:7   | XOM: give mutation
 29277 | Lair:7   | Gained mutation: Your flesh is very heat resistant. [Xom's grace]
 29362 | Lair:7   | XOM: god gift: ornate deck of cards {god gift}
 29371 | Lair:7   | XOM: fog
 29571 | Lair:7   | XOM: god gift: embroidered hat {god gift}
 29698 | Lair:7   | XOM: god gift: flail {god gift}
 29703 | Lair:7   | XOM: mild Conj miscast
 29775 | Lair:7   | XOM is BORED!
 29775 | Lair:7   | XOM: mild Air miscast
 30237 | Lair:7   | XOM: stat loss: -1 Int (12/14)
 30876 | Lair:7   | XOM: cast spell 'Discord'
 30975 | Lair:8   | Entered Level 8 of the Lair of Beasts
 30976 | Lair:8   | XOM: harmless Divn miscast
 31109 | Lair:8   | Found a runed door.
 31110 | Lair:8   | Noticed an acid blob
 31148 | Lair:8   | XOM: medium Tloc miscast
 31163 | Lair:8   | Found a viscous altar of Jiyva.
 31163 | Lair:8   | Noticed an acid blob
 31164 | Lair:8   | Noticed an acid blob
 31165 | Lair:8   | Noticed an acid blob
 31166 | Lair:8   | Found a staircase to the Slime Pits.
 31171 | Lair:8   | XOM: silly message
 31246 | Lair:8   | Got an encrusted lajatang
 31264 | Lair:8   | XOM: divination: detect creatures
 31279 | Lair:8   | XOM: enchant monster (good)
 31283 | Lair:8   | XOM: divination: magic mapping
 31285 | Lair:8   | XOM: cast spell 'Warp Weapon'
 31306 | Lair:8   | XOM: god gift: meat ration
 31310 | Lair:8   | XOM: fog
 31314 | Lair:8   | XOM: silly message
 31463 | Lair:8   | XOM: 3-stop teleportation journey
 31469 | Lair:8   | XOM: chaos cloud
 31475 | Lair:8   | XOM: potion effect (berserk rage)
 31842 | Lair:8   | XOM: blink monster(s)
 31847 | Lair:8   | XOM: summons 7 hostile demons
 31856 | Lair:8   | XOM: blink monster(s)
 31865 | Lair:8   | XOM: mild Chrm miscast
 31866 | Lair:8   | XOM: 5-stop teleportation journey
 31931 | Lair:8   | XOM: fog
 32058 | Lair:8   | XOM: smoke on damage
 32068 | Lair:8   | XOM: 1-stop teleportation journey
 32191 | Lair:8   | XOM: confuse monster(s)
 32243 | Lair:8   | XOM: harmless Chrm miscast
 32253 | Lair:8   | Reached skill level 5 in Dodging
 32316 | Lair:8   | XOM: cast spell 'Death Channel'
 32378 | Lair:8   | XOM: harmless Fire miscast
 32404 | Lair:7   | XOM: cast spell 'Ring of Flames'
 32485 | Lair:8   | XOM: cast spell 'Summon Horrible Things'
 32617 | Lair:8   | XOM: mild Trmt miscast
 32652 | Lair:8   | XOM: harmless Conj miscast
 33007 | Lair:8   | XOM: mild Necr miscast
 33025 | Lair:8   | XOM: enchant monster (bad)
 33051 | Lair:8   | XOM: silly message
 33424 | Lair:7   | XOM: summons 2 hostile shadow creatures
 33475 | Lair:7   | XOM: blink monster(s)
 33545 | Lair:5   | XOM: mild Ice miscast
 33634 | Lair:1   | Identified the +11 lajatang of Spite {flame, rElec Dex+2} (You found it on level 8 of the Lair of Beasts)
 33859 | D:12     | XOM: enchant monster (bad)
 33936 | D:12     | Reached XP level 15. HP: 94/94 MP: 21/21
 33972 | D:12     | XOM: blink monster(s)
 34040 | D:12     | XOM: medium Summ miscast
 34041 | D:12     | XOM: mild Hex miscast
 34046 | D:12     | XOM: fog
 34110 | D:12     | XOM: cast spell 'Spider Form'
 34145 | D:12     | XOM: confuse monster(s)
 34234 | D:12     | XOM: harmless Tloc miscast
 34243 | D:12     | XOM: summons friendly crimson imp
 34249 | D:12     | XOM: summons friendly quasit
 34260 | D:12     | XOM: divination: detect creatures
 34265 | D:12     | Demolished by a titanic slime creature

Action                   |  1- 3 |  4- 6 |  7- 9 | 10-12 | 13-15 || total
-------------------------+-------+-------+-------+-------+-------++-------
Melee: Falchion          |   113 |   200 |   155 |       |       ||   468
       Long sword        |       |       |   536 |  1540 |       ||  2076
       Unarmed           |       |       |     7 |       |    12 ||    19
       Spear             |       |       |       |     2 |    28 ||    30
       Scimitar          |       |       |       |   173 |   821 ||   994
       Executioner's axe |       |       |       |       |     2 ||     2
       Triple sword      |       |       |       |       |   743 ||   743
 Fire: Blowgun           |       |       |     7 |    17 |     6 ||    30
Throw: Tomahawk          |       |     5 |     1 |     5 |     4 ||    15
Evoke: Rod               |       |       |    13 |    12 |    25 ||    50
       Wand              |       |       |     6 |     1 |     7 ||    14
       Deck              |       |       |       |       |     1 ||     1
       Disc of storms    |       |       |       |       |     1 ||     1
  Use: Scroll            |     1 |     9 |     4 |    16 |    12 ||    42
       Potion            |       |     9 |       |    10 |     7 ||    26
 Stab: Paralysed         |     3 |     2 |     1 |     3 |       ||     9
       Sleeping          |       |     1 |     1 |     1 |     1 ||     4
       Distracted        |       |       |     1 |     2 |     3 ||     6
       Petrifying        |       |       |     1 |       |       ||     1
       Confused          |       |       |     3 |     6 |     8 ||    17
       Petrified         |       |       |     2 |       |       ||     2
  Eat: Chunk             |     3 |    10 |    27 |    43 |    49 ||   132
       Fruit             |       |       |     2 |       |     7 ||     9
       Beef jerky        |       |       |       |     2 |       ||     2
       Pizza             |       |       |       |     1 |       ||     1
       Meat ration       |       |       |       |       |     1 ||     1
       Royal jelly       |       |       |       |       |     1 ||     1
